[Event "Late-Titled-Tuesday-Blitz-May-28-2024"]
[Site "Chess.com"]
[Date "2024.05.28"]
[Round "11"]
[White "ansko1999"]
[Black "FuenfgegenWilly"]
[Result "1/2-1/2"]
[WhiteElo "2615"]
[BlackElo "2494"]
[TimeControl "180+1"]
[EndTime "16:06:47 PDT"]
[Termination "Game drawn - insufficient material"]

1. Nf3 f5 2. d3 Nc6 3. e4 e5 4.
d4 fxe4 5. Nxe5 Nf6 6. Bc4 d5 7. Bb5 Bd6 8. Nxc6 bxc6 9. Bxc6+ Bd7 10. Bxd5 c6 11. Bb3 Qc7 12. Bg5 O-O-O 13. Nc3 Bxh2 14.
Qd2 Bg4 15. Ne2 e3 16. Bxe3 Ne4 17. Qd3 Bf5 18. O-O-O Kb8 19. Rxh2 Ng3 20. fxg3 Bxd3 21. Bf4 Bxe2 22. Bxc7+ Kxc7 23. Re1 Rde8 24. c3 h5 25. Kd2 Bg4 26. Rhh1 Kd6 27. Bc4 Rhf8 28. Rxe8 Rxe8 29. Rf1 a5 30. b3 c5 31. dxc5+ Kxc5 32. Rf7 Rd8+ 33.
Kc1 g6 34. Rf6 Rd1+ 35. Kc2 Rg1 36. Bd3 Rxg2+ 37. Kb1 Rxg3 38. Bxg6 Rxc3 39. Bxh5 Bxh5 40.
Rf5+ Kb6 41. Rxh5 Rg3 42. Kb2 Rg4 43. Rh6+ Kb7 44. Rh5 a4 45. Ka3 axb3 46. axb3 Rg8 47. Kb4 Kb8 48. Kb5 Rf8 49. Rd5 Rg8 50. Rf5 Re8 51.
b4 Rh8 52. Rg5 Rf8 53. Rd5 Rh8 54. Rg5 Rf8 55. Re5 Rh8 56. Rf5 Rg8 57. Ka5 Rh8 58. b5 Rg8 59. Rf6 Rh8 60. Rb6+ Ka8 61. Ra6+ Kb8 62. Kb6 Rh6+ 63. Ka5 Rh8 64. Rd6 Rg8 65. Rd7 Rh8 66. Rf7 Rg8 67. Ka6 Rh8 68. Rb7+ Ka8 69. Ra7+ Kb8 70. Rd7 Rh6+ 71. Ka5 Rh8 72. Rd6 Rg8 73. Kb6 Rh8 74. Kc6 Rc8+ 75. Kd7 Rh8 76. Rb6+ Ka7 77. Ra6+ Kb7 78. Re6 Rh5 79. b6 Rd5+ 80. Rd6 Rxd6+ 81. Kxd6 Kxb6 1/2-1/2

[Event "Late-Titled-Tuesday-Blitz-May-28-2024"]
[Site "Chess.com"]
[Date "2024.05.28"]
[Round "11"]
[White "subham777"]
[Black "BAS8892"]
[Result "1-0"]
[WhiteElo "2576"]
[BlackElo "2702"]
[TimeControl "180+1"]
[EndTime "16:06:49 PDT"]
[Termination "subham777 won by resignation"]

1. e4 g6 2. g3 Bg7 3. Bg2 d6 4. Ne2 Nf6 5. O-O O-O 6. d4 c5 7.
d5 b5 8. a4 b4 9. c4 bxc3 10.
Nbxc3 Na6 11. h3 Nb4 12. f4 Ba6 13. e5 Nd7 14. e6 fxe6 15. dxe6 Nf6 16. Bxa8 Qxa8 17.
Kh2 Qc8 18. Qb3 d5 19. Be3 d4 20. Nxd4 cxd4 21. Bxd4 Bxf1 22. Qxb4 Bc4 23. Qxe7 Bxe6 24. Re1 Bxh3 25. Qxa7 Bf5 26. Re7 Bd7 27. Bxf6 Bxf6 28.
Rxd7 Qc6 29. Qb7 Qc5 30. Qd5+ Qxd5 31. Nxd5 Bxb2 32. Rb7 Bd4 33. a5 Ra8 34. Rb5 Kf7 35. Kg2 Ra7 36. Kf3 Ke6 37. Ke4 Bf2 38. g4 h5 39. gxh5 gxh5 40. f5+ Kd6 41. f6 h4 42. Nf4 Kc6 43. Rh5 Bg3 44. Ng6 Kd6 45.
Nf4 Be1 46. Rd5+ Kc6 47. Kf5 Bxa5 48. Rd1 Bb4 49. Kg6 Bd6 50. Ne6 Ra2 51. Ng5 Rf2 52.
Rh1 Bg3 53. f7 Kd7 54. Ne4 Rf4 55. Nxg3 hxg3 56. Kg7 g2 57. Rd1+ Ke6 58. Re1+ Kd5 59. f8=Q Rxf8 60. Kxf8 Kd4 61. Rg1 Ke3 62. Rxg2 Kf3 63.
Rg7 Kf4 64. Rf7+ Ke4 65. Ke7 Kd4 66. Rf6 Kd5 67. Re6 Kd4 68. Kd6 Kc4 69. Re4+ Kc3 70.
Kd5 Kd3 71. Re5 Kc3 72. Re3+ Kc2 73. Kc4 Kd2 74. Re4 Kc2 75. Re2+ Kd1 76. Kd3 Kc1 77. Kc3 Kd1 78. Re3 1-0

[Event "Late-Titled-Tuesday-Blitz-May-28-2024"]
[Site "Chess.com"]
[Date "2024.05.28"]
[Round "11"]
[White "brunoo2003"]
[Black "stollenmonster"]
[Result "1/2-1/2"]
[WhiteElo "2598"]
[BlackElo "2822"]
[TimeControl "180+1"]
[EndTime "16:06:53 PDT"]
[Termination "Game drawn - insufficient material"]

1. d4 Nf6 2. c4 e6 3. Nf3 d5 4. g3 Be7 5. Bg2 O-O 6. O-O Ne4 7. Nc3 f5 8. Ne5 c6 9. f3 Nxc3 10. bxc3 Nd7 11. Nxd7 Bxd7 12. cxd5 cxd5 13. e4 fxe4 14.
fxe4 Rxf1+ 15. Qxf1 Bc6 16. exd5 Bxd5 17. Bf4 Rc8 18. Qd3 Bf6 19. Re1 Bxg2 20. Kxg2 Qd5+ 21. Qe4 Qxa2+ 22. Kh3 Qd5 23. Qxe6+ Qxe6+ 24. Rxe6 Rxc3 25. Re8+ Kf7 26. Rb8 Bxd4 27. Rxb7+ Ke6 28. Bb8 a5 29. Ba7 Bf6 30. Rb6+ Kd7 31. Ra6 Ra3 32. Bc5 Ra2 33. Ra7+ Kc6 34. Bf8 Bd4 35. Rf7 Bg1 36. Bxg7 h5 37. Kh4 Rxh2+ 38. Kg5 Be3+ 39. Kg6 a4 40. Rf6+ Kb7 41. Rf3 Bc5 42. Rf5 Kc6 43. Rxh5 Rg2 44.
Be5 a3 45. Kf5 a2 46. Rh1 Kd5 47. Rd1+ Kc4 48. g4 Rf2+ 49. Ke6 Re2 50. Kf5 Rf2+ 51. Ke6 Be3 52. Rd8 Re2 53. Kf5 Bd2 54. Ra8 Kb3 55.
Rb8+ Bb4 56. Ra8 Ba3 57. Bg7 Rf2+ 58. Kg6 Rc2 59. g5 Rc6+ 60. Kh5 Rc7 61. Bf6 Rc6 62. Bh8 Rc5 63. Kh6 Bb2 64. Bxb2 Kxb2 65. g6 a1=Q 66. Rxa1 Kxa1 67. g7 Rc6+ 68. Kh7 Rc8 69. g8=Q Rxg8 70.
Kxg8 1/2-1/2

[Event "Late-Titled-Tuesday-Blitz-May-28-2024"]
[Site "Chess.com"]
[Date "2024.05.28"]
[Round "11"]
[White "vi_pranav"]
[Black "Abund"]
[Result "0-1"]
[WhiteElo "3021"]
[BlackElo "2849"]
[TimeControl "180+1"]
[EndTime "16:06:55 PDT"]
[Termination "Abund won on time"]

1. e4 c6 2. d4 d5 3. e5 c5 4. Nf3 cxd4 5. Nxd4 Nc6 6. Nxc6 bxc6 7. Bd3 e6 8. O-O a5 9. Nd2 Ne7 10. Nf3 Ba6 11.
Bxa6 Rxa6 12. c4 Nf5 13. cxd5 cxd5 14. Bd2 Be7 15. Qe2 Ra8 16. Rac1 O-O 17. g4 Nh4 18. Nd4 Qb6 19. Be3 Qb7 20. Rc6 Rfc8 21. Rfc1 g5 22. Qb5 Qxb5 23. Rxc8+ Qe8 24. Rxe8+ Rxe8 25. Nc6 a4 26. Kf1 h6 27. Nxe7+ Rxe7 28. Rc8+ Kg7 29. Bb6 Rb7 30. Bd8 Ng6 31. Bf6+ Kh7 32. Rc2 Rb4 33. h3 Rb7 34. Ke1 Nf4 35. Kd2 Rb8 36. Rc7 Kg6 37. b4 axb3 38. axb3 Nxh3 39. Ke1 Nf4 40. Kd2 h5 41.
gxh5+ Nxh5 42. Be7 Rxb3 43. Rc8 Rb2+ 44. Kc3 Rxf2 45.
Rg8+ Kh6 46. Rh8+ Kg6 47. Rg8+ Kh7 48. Rxg5 Kh6 49. Rg8 Kh7 50. Rg5 Rf3+ 51. Kd4 Ng7 52. Bf6 Nf5+ 53. Kc5 Rg3 54. Rh5+ Kg6 55. Rh1 Rc3+ 56.
Kb4 Rc4+ 57. Kb3 Ne3 58. Rg1+ Kf5 59. Rg7 Ng4 60. Rxf7 Nxe5 61. Rf8 Nd7 0-1

[Event "Late-Titled-Tuesday-Blitz-May-28-2024"]
[Site "Chess.com"]
[Date "2024.05.28"]
[Round "11"]
[White "Ramosha"]
[Black "BardArtem"]
[Result "1-0"]
[WhiteElo "2594"]
[BlackElo "2765"]
[TimeControl "180+1"]
[EndTime "16:07:00 PDT"]
[Termination "Ramosha won by resignation"]

1. e4 e5 2. Nf3 Nc6 3. d4 exd4 4. Nxd4 Bb4+ 5. c3 Bc5 6. Be3 Bb6 7. Nd2 Nf6 8. Qc2 O-O 9. O-O-O Re8 10. Bd3 d6 11.
Rhe1 Ng4 12. N2f3 Nxe3 13. Rxe3 Bg4 14. Be2 Qf6 15. Kb1 Bxf3 16. Rxf3 Qg6 17. Nf5 Qe6 18. Rg3 g6 19. Bd3 Kf8 20. Ne3 Ne5 21. Be2 Nd7 22.
Bd3 Nc5 23. f3 Nxd3 24. Qxd3 Bxe3 25. Qxe3 Kg8 26. Qh6 Rad8 27. Rh3 Qf6 28. Qxh7+ Kf8 29. Qh8+ Qxh8 30. Rxh8+ Kg7 31. Rxe8 Rxe8 32. Kc2 Kf6 33.
a4 Ke6 34. b4 c6 35. c4 b6 36. Kc3 Rh8 37. h3 g5 38. c5 bxc5 39. bxc5 dxc5 40.
Kc4 Rb8 41. Kxc5 Rb2 42. Kxc6 Rxg2 43. Rd6+ Ke5 44. Rd5+ Ke6 45. Rf5 f6 46. Kb7 Rh2 47. Kxa7 Rxh3 48. a5 Rh1 49. a6 Rb1 50. Ka8 Rb3 51. Ka7 Ke7 52. Ra5 Ke6 53. Rf5 Ke7 54. Ka8 Ke6 55. a7 Ke7 56. Rc5 Kd6 57. Rd5+ Ke7 58. Rd1 Rxf3 59. Rb1 Rd3 60. Kb7 Rd7+ 61. Kb6 Rd6+ 62. Kb5 Rd8 63. Kc6 Rd6+ 64. Kb5 Rd8 65. Ka6 Rd6+ 66. Rb6 Rd8 67. Rb8 Rd6+ 68. Kb5 Rd1 69.
a8=Q Rb1+ 70. Kc4 Ra1 71. Qxa1 1-0

[Event "Late-Titled-Tuesday-Blitz-May-28-2024"]
[Site "Chess.com"]
[Date "2024.05.28"]
[Round "11"]
[White "rionelG"]
[Black "protectiago"]
[Result "1-0"]
[WhiteElo "2291"]
[BlackElo "2122"]
[TimeControl "180+1"]
[EndTime "16:07:09 PDT"]
[Termination "rionelG won by resignation"]

1. e4 e5 2. Nf3 Nc6 3. Bb5 a6 4. Ba4 Nf6 5. O-O Nxe4 6. d4 b5 7. Bb3 d5 8. dxe5 Be6 9. c3 Bc5 10.
Nbd2 O-O 11. Bc2 Bf5 12. Nb3 Bg6 13. Nxc5 Nxc5 14. Bxg6 hxg6 15. Bg5 Qd7 16. Re1 Ne6 17. Be3 Ne7 18. Qd2 c5 19. Rad1 Rfd8 20. b4 Rac8 21. Qb2 Nf5 22. a3 Nxe3 23. Rxe3 Qc6 24. Red3 g5 25. Qa2 Nf4 26. R3d2 g4 27. Nh4 d4 28. cxd4 cxd4 29. f3 d3 30. Nf5 Qb6+ 31. Kh1 Kf8 32.
fxg4 Qg6 33. Ne3 Qe4 34. Nf5 Qxe5 35. Qb2 Qxb2 36. Rxb2 d2 37. Rbb1 g6 38. Ne3 Rc3 39. Nf1 Rcd3 40. Rb2 Ne6 41. Rbxd2 Rxd2 42. Rxd2 Rxd2 43.
Nxd2 Nd4 44. Kg1 Nc2 45. Nb1 Ke7 46. Kf2 Kd6 47. Ke2 Kd5 48. Kd3 Nd4 49. Ke3 Ne6 50.
Kf3 Kc4 51. h4 Kb3 52. h5 gxh5 53. gxh5 Kb2 54. Nd2 Kxa3 55. h6 Ng5+ 56. Kf4 Nh7 57. Ne4 Kxb4 58. Ng5 Nf6 59. Kf5 Nh7 60. Nxh7 a5 61. Nf6 a4 62. Nd5+ Kb3 63. h7 a3 64. h8=Q a2 65. Qa1 Ka3 66. Nc3 b4 67. Nxa2 b3 68. Nc3+ Kb4 69. Qb2 Kc4 70. Ke4 Kb4 71.
Kd4 f5 72. g3 f4 73. gxf4 Ka5 74. Kc4 Ka6 75. Qxb3 Ka7 76. Kc5 Ka8 77. Kc6 Ka7 78.
f5 1-0

[Event "Late-Titled-Tuesday-Blitz-May-28-2024"]
[Site "Chess.com"]
[Date "2024.05.28"]
[Round "11"]
[White "JanMur7"]
[Black "Navyblue1"]
[Result "1-0"]
[WhiteElo "2303"]
[BlackElo "2222"]
[TimeControl "180+1"]
[EndTime "16:07:17 PDT"]
[Termination "JanMur7 won on time"]

1. c4 e5 2. Nc3 Nf6 3. Nf3 Nc6 4. e4 Bb4 5. d3 O-O 6. Be2 h6 7. O-O d6 8. Nd5 Nxd5 9. cxd5 Ne7 10. Nh4 Bc5 11. Be3 Bb6 12. Bxb6 axb6 13. f4 exf4 14.
Rxf4 c6 15. dxc6 bxc6 16. Qb3 b5 17. Rf2 Be6 18. Qc3 Qb6 19. a3 c5 20. Raf1 Rab8 21.
b4 Rbc8 22. Kh1 cxb4 23. Qxb4 Qc5 24. Nf5 Bxf5 25. exf5 Qxb4 26. axb4 Nd5 27. d4 Nf6 28. Bxb5 Rb8 29. Bc6 Rxb4 30. Rd2 d5 31. h3 Rc8 32. Rc1 Ne4 33. Rdc2 Rxd4 34. Bd7 Rxc2 35. Rxc2 Kh7 36. Rc7 Rd1+ 37. Kh2 Nd6 38. Rc6 Ne4 39. Be8 Rf1 40. Bxf7 h5 41. Bxh5 Nf6 42. Bg6+ Kh6 43. Ra6 Kg5 44.
Kg3 Rd1 45. Ra8 Rd3+ 46. Kf2 Rc3 47. Ra4 Ne4+ 48. Kf1 Nf6 49. Kf2 Ne4+ 50. Ke2 Nf6 51.
Rd4 Rg3 52. Kf2 Rc3 53. Bf7 Kxf5 54. Bxd5 Ke5 55. Rc4 Nxd5 56. Rg4 Kf6 57. Kg1 Rc1+ 58. Kh2 Rc7 59. Rg3 Rd7 60. Rf3+ Ke6 61. Rf1 Nf6 62.
Re1+ Kf7 63. Rf1 Rd2 64. Rf3 Kg6 65. Rg3+ Kh7 66. Rf3 Nh5 67. Rf5 g6 68. Ra5 Kh6 69.
Ra4 Rf2 70. Rb4 Re2 71. Ra4 Kg5 72. Ra5+ Kh6 73. Ra4 Rf2 74. Rc4 Kg5 75. Rd4 Nf4 76. Rd6 Rxg2+ 77. Kh1 Re2 78. Ra6 Nxh3 79. Ra5+ Kh6 80. Ra4 1-0

[Event "Late-Titled-Tuesday-Blitz-May-28-2024"]
[Site "Chess.com"]
[Date "2024.05.28"]
[Round "11"]
[White "andrew-blr"]
[Black "MeisterJabo"]
[Result "1-0"]
[WhiteElo "2648"]
[BlackElo "2502"]
[TimeControl "180+1"]
[EndTime "16:07:19 PDT"]
[Termination "andrew-blr won by checkmate"]

1. d4 Nf6 2. c4 e6 3. Nc3 d5 4.
cxd5 exd5 5. Bg5 Be7 6. e3 c6 7. Bd3 h6 8. Bh4 O-O 9. Qc2 Re8 10. Nge2 Nbd7 11. O-O Ne4 12. Bxe7 Qxe7 13. Rae1 b5 14. f3 Nxc3 15. Nxc3 b4 16. Na4 Qd6 17. Bh7+ Kh8 18. Bf5 Nb6 19. Nc5 Nc4 20. Bxc8 Raxc8 21. Qf2 f5 22.
Nd3 g5 23. b3 Nb6 24. Ne5 Kg7 25. f4 g4 26. Rc1 Nd7 27. Qh4 Qf6 28. Qf2 Qd6 29. Rc2 c5 30. Rfc1 c4 31. bxc4 dxc4 32. Rxc4 Rxc4 33. Rxc4 Nxe5 34. fxe5 Qe6 35. Qc2 a5 36.
Rc6 Qf7 37. Rc7 Re7 38. Rxe7 Qxe7 39. Qxf5 Qc7 40. Qxg4+ Kh8 41. Qf4 a4 42. Qxh6+ Kg8 43. e6 b3 44. axb3 a3 45. Qg5+ Kf8 46. Qf5+ Kg8 47.
Qd5 Qc1+ 48. Kf2 Qd2+ 49. Kf3 Qd1+ 50. Kf4 Qf1+ 51. Kg3 Qe1+ 52. Kf3 Qf1+ 53. Kg4 Qe2+ 54. Kg5 Qxe3+ 55. Kf6 Qf4+ 56. Ke7 a2 57. Qa8+ Kg7 58. Qxa2 Qxd4 59. Qe2 Qa7+ 60. Kd6 Qb6+ 61. Ke5 Qc5+ 62. Kf4 Qd4+ 63. Qe4 Qd2+ 64. Kf5 Qf2+ 65. Qf4 Qc2+ 66.
Qe4 Qxb3 67. e7 Qb5+ 68. Qe5+ Qxe5+ 69. Kxe5 Kf7 70. h4 Kxe7 71. Kf5 Kf7 72. g4 Kg7 73. g5 Kh7 74. g6+ Kh6 75. Kf6 Kh5 76. g7 Kh6 77. g8=Q Kh5 78. Qg5# 1-0

[Event "Late-Titled-Tuesday-Blitz-May-28-2024"]
[Site "Chess.com"]
[Date "2024.05.28"]
[Round "11"]
[White "AryanTari"]
[Black "GianmarcoVaR"]
[Result "0-1"]
[WhiteElo "2995"]
[BlackElo "2742"]
[TimeControl "180+1"]
[EndTime "16:07:24 PDT"]
[Termination "GianmarcoVaR won by resignation"]

1. e4 c5 2. Nf3 d6 3. Bb5+ Nd7 4. d4 cxd4 5. Nxd4 Nf6 6. O-O e6 7.
Re1 Be7 8. Bf1 O-O 9. c4 Qc7 10. Nc3 a6 11. Be3 b6 12. Rc1 Bb7 13. f3 Rac8 14.
Qd2 Qb8 15. b4 Rc7 16. Na4 Ba8 17. a3 Rcc8 18. Nb3 Bd8 19. Kh1 Bc7 20. Bg1 Rfd8 21. Rb1 Ne5 22. Qf2 Nxc4 23. Bxc4 b5 24. Bf1 bxa4 25. Na5 Bb7 26. Red1 d5 27. b5 axb5 28.
Rxb5 Bxa5 29. Rdb1 Qd6 30. Rxa5 Bc6 31. exd5 Nxd5 32.
Ra6 Qd7 33. Ra7 Rc7 34. Rxc7 Qxc7 35. Rc1 Qb7 36. Qc5 Be8 37. Qa5 Qd7 38. Bb5 Qd6 39. Bxe8 Rxe8 40. Qxa4 Rb8 41. Qa7 Qd8 42. a4 h5 43. Qd4 h4 44. Ra1 h3 45. gxh3 Rb4 46. Qd3 Qf6 47. Rf1 Rxa4 48. Qb3 Rf4 49. Qd3 Rf5 50.
Qe2 Nf4 51. Qe4 Nxh3 52. Be3 Ng5 53. Bxg5 Qxg5 54. Qe2 Qf4 55. Qg2 g6 56. Qg3 Kg7 57. Qxf4 Rxf4 58. Kg2 Rb4 59. Re1 Rb2+ 60. Kg3 g5 61.
Re5 Kf6 62. Rc5 Rb4 63. Rc7 Kg6 64. Rc8 Rb1 65. Rg8+ Kf5 66. Ra8 f6 67. Ra5+ e5 68.
Ra4 Rd1 69. Rb4 Rd3 70. Kg2 Re3 71. Ra4 Re2+ 72. Kg3 Rd2 73. h4 Rd4 74. Rxd4 exd4 75.
h5 Ke6 76. f4 Kf7 77. Kf3 Kg7 78. Ke4 Kh6 79. Kxd4 Kxh5 80. Ke4 Kg4 81. f5 Kh5 82.
Kd5 g4 83. Ke6 Kg5 0-1

[Event "Late-Titled-Tuesday-Blitz-May-28-2024"]
[Site "Chess.com"]
[Date "2024.05.28"]
[Round "11"]
[White "Mikhail_Golubev"]
[Black "RespectfulDaveOnYouTube"]
[Result "0-1"]
[WhiteElo "2628"]
[BlackElo "2511"]
[TimeControl "180+1"]
[EndTime "16:07:26 PDT"]
[Termination "RespectfulDaveOnYouTube won on time"]

1. e4 d5 2. exd5 c6 3. d4 cxd5 4. Bd3 Nf6 5. c3 Bg4 6. Qb3 Qc8 7. h3 Bh5 8. Bf4 Nc6 9. Nd2 e6 10. Ngf3 Be7 11. O-O O-O 12. Rfe1 a6 13. a4 Bg6 14. Bf1 Ne4 15. Qd1 Bd6 16. Bxd6 Nxd6 17. Nh4 b5 18. Nxg6 hxg6 19. b4 Ne7 20. axb5 Qxc3 21. bxa6 Qxb4 22.
Nf3 Nc4 23. Ne5 Nxe5 24. dxe5 Ra7 25. Re2 Nc6 26. Qc1 Nd4 27. Rb2 Qe7 28. Qe3 Nf5 29. Qb6 Rfa8 30. Rc1 g5 31. g3 Kh7 32. Bd3 g6 33.
Ra1 Kg7 34. Bb5 Kh7 35. Qa5 Qc5 36. Qa4 Nd4 37. Bf1 Kg7 38. Qa3 Qxa3 39. Rxa3 Nc6 40.
Rba2 Nxe5 41. Rb2 Nc4 42. Bxc4 dxc4 43. Rba2 c3 44. Rxc3 Rxa6 45. Rxa6 Rxa6 46. Kg2 f5 47. Rc7+ Kf6 48. Rc4 Ra2 49. Rb4 Ra6 50. Rc4 Rd6 51.
Rb4 Rc6 52. Ra4 e5 53. Rb4 Ke6 54. Rb5 Rd6 55. Ra5 Rd5 56. Ra6+ Rd6 57. Ra5 e4 58. Rb5 Rd2 59. Ra5 e3 60. Ra6+ Ke5 61. Ra5+ Ke4 62.
Ra4+ Ke5 63. Ra5+ Kf6 64. Ra6+ Kg7 65. Kf3 exf2 66. Kg2 Rc2 67. Ra7+ Kf6 68. Ra6+ Kf7 69. Rb6 Rd2 70. Ra6 Kg7 71. Rb6 Kh6 72. Ra6 Rb2 73. Rc6 Kh5 74. Rc8 Kh6 75. Rc7 f4 76. gxf4 gxf4 77.
Rc3 Kg5 78. Ra3 Kf5 79. Ra5+ Ke4 80. Ra3 g5 81. Ra4+ Ke3 82. Ra3+ Ke2 83. Ra5 f1=Q+ 0-1

[Event "Late-Titled-Tuesday-Blitz-May-28-2024"]
[Site "Chess.com"]
[Date "2024.05.28"]
[Round "11"]
[White "rdarruda"]
[Black "David_ATM"]
[Result "1-0"]
[WhiteElo "2547"]
[BlackElo "2415"]
[TimeControl "180+1"]
[EndTime "16:07:36 PDT"]
[Termination "rdarruda won on time"]

1. Nf3 d5 2. d4 c6 3. c4 Nf6 4. e3 Bf5 5. Nc3 e6 6. Bd3 Bxd3 7. Qxd3 Be7 8. O-O Nbd7 9. e4 Nxe4 10. Nxe4 dxe4 11. Qxe4 O-O 12. Bf4 Qa5 13. a3 Qh5 14.
h3 Qg6 15. Qxg6 hxg6 16. Rad1 Nb6 17. Rc1 Bf6 18. Rfd1 Rad8 19. Be3 Rfe8 20. Kf1 Rd7 21. b3 Red8 22. Ke2 Re8 23. a4 Nc8 24. g4 Bd8 25. Ne5 Rde7 26. f4 Bc7 27. Nf3 Rd7 28. Kf2 Nd6 29. Ne5 Rdd8 30. Kf3 Nc8 31. Nd3 Bd6 32. b4 Be7 33. a5 a6 34. Ne5 Bd6 35. Nd3 Be7 36.
Rb1 Nd6 37. Rdc1 Bf6 38. Nc5 Be7 39. Ne4 Nxe4 40. Kxe4 Rd7 41. b5 cxb5 42. cxb5 axb5 43. Rxb5 Ra8 44. Bd2 Bd8 45. Rcb1 Ra7 46. Bb4 Be7 47.
Bc3 g5 48. fxg5 Bd8 49. h4 g6 50. Rd1 Ra8 51. d5 exd5+ 52. Rbxd5 Rxd5 53. Rxd5 Bc7 54. Rb5 Bg3 55. Rxb7 Bxh4 56. Bd2 Bg3 57. Kd3 Rd8+ 58. Kc2 Rc8+ 59. Kb3 Ra8 60. Ka4 Be5 61. Kb5 Rd8 62.
Bb4 Rd5+ 63. Kc4 Rd4+ 64. Kc5 Rxg4 65. a6 Bd4+ 66. Kc6 Rxg5 67. a7 Bxa7 68. Rxa7 Rf5 69.
Rb7 g5 70. Bc3 Kh7 71. Rb1 Kg6 72. Rg1 Rf3 73. Bd4 Rd3 74. Kd5 f5 75. Kc4 Rd2 76. Be3 Rc2+ 77. Kd3 Rc6 78. Bxg5 f4 79. Bxf4+ Kf5 80.
Be3 Rd6+ 81. Ke2 Rd7 82. Rg5+ Kf6 83. Kf3 Rd3 84. Ra5 Rb3 85. Ke4 Ke6 86. Bd4 Kd6 87.
Ra6+ Kc7 88. Kd5 Rb1 89. Ra7+ Rb7 90. Ra8 Rb1 91. Bc5 Rd1+ 92. Bd4 Rb1 93. Ra6 Rc1 94.
Ra7+ Kb8 95. Rh7 Kc8 96. Bc5 Kd8 97. Kc6 Ke8 98. Kd5 Rd1+ 99. Ke5 Re1+ 100. Kd5 Rd1+ 101. Bd4 1-0

[Event "Late-Titled-Tuesday-Blitz-May-28-2024"]
[Site "Chess.com"]
[Date "2024.05.28"]
[Round "11"]
[White "rezamahdavi2008"]
[Black "Grischuk"]
[Result "0-1"]
[WhiteElo "2986"]
[BlackElo "3127"]
[TimeControl "180+1"]
[EndTime "16:07:39 PDT"]
[Termination "Grischuk won by resignation"]

1. e4 e5 2. Nf3 Nc6 3. Nc3 Nf6 4. d4 exd4 5. Nxd4 Bb4 6. Nxc6 bxc6 7. Bd3 d5 8. Bd2 O-O 9. O-O Rb8 10. Re1 Re8 11.
exd5 Rxe1+ 12. Qxe1 cxd5 13. a3 Bf8 14. b4 c5 15. bxc5 Bxc5 16. Bg5 Be6 17. h3 h6 18.
Bf4 Bd6 19. Bxd6 Qxd6 20. Nb5 Qb6 21. Rb1 Qc5 22. Qa5 Ne4 23. Rf1 Bd7 24. a4 Bc6 25. Qc7 Qb6 26. Qxb6 Rxb6 27. Nxa7 Bxa4 28. Nc8 Re6 29.
Ra1 Nc3 30. Ra3 d4 31. Bc4 Re1+ 32. Kh2 Bxc2 33. Ra8 Kh7 34. Bxf7 d3 35. Nd6 d2 36. Bg8+ Kg6 37. Ra6 d1=Q 38. Ne4+ Kf5 39. Bh7+ Ke5 40.
Nxc3 Qd4 41. Ra5+ Kf6 42. Nd5+ Qxd5 43. Rxd5 Bxh7 44. Rd6+ Re6 45. Rd4 Re2 46. Kg3 Bf5 47. Rd6+ Be6 48. Ra6 Ra2 49. Rb6 Ra3+ 50. f3 Ra2 51.
Rc6 Ke5 52. Rc7 Kf6 53. Rc6 Ra5 54. Rb6 Ra7 55. Rc6 Ke5 56. Rb6 Bd5 57. Rb5 Kd4 58.
Rb6 Bc4 59. Rg6 Ke3 60. Rg4 Bd3 61. h4 g6 62. Rb4 Ra2 63. Rb6 h5 64. Re6+ Kd4 65. Kh2 Bf5 66. Rd6+ Ke3 67. Rb6 Kf2 68. Rc6 Bd3 69. Rd6 Bf5 70. Rc6 Rc2 71. Rb6 Rd2 72.
Rc6 Re2 73. Rb6 Kf1 74. Kg3 Rxg2+ 75.
Kf4 Kg1 76. Ke3 Kh2 77. Kf4 Kh3 78. Ra6 Kxh4 79. Ra1 Kh3 80. Ke3 Kg3 81. Ra5 h4 0-1

[Event "Late-Titled-Tuesday-Blitz-May-28-2024"]
[Site "Chess.com"]
[Date "2024.05.28"]
[Round "11"]
[White "SaiHanThiha"]
[Black "KatakuriDono"]
[Result "1/2-1/2"]
[WhiteElo "2518"]
[BlackElo "2324"]
[TimeControl "180+1"]
[EndTime "16:07:41 PDT"]
[Termination "Game drawn by agreement"]

1. Nf3 d5 2. g3 g6 3. Bg2 Bg7 4. O-O e5 5. d3 Ne7 6. c4 O-O 7. cxd5 Nxd5 8. Nc3 Nxc3 9. bxc3 e4 10. dxe4 Bxc3 11. Rb1 Nc6 12. Bf4 Qe7 13. Qc2 Bg7 14.
Rfd1 a5 15. h4 Nb4 16. Qa4 b5 17. Qxb5 Ba6 18. Qd7 Qf6 19. e5 Qe6 20. Qxe6 fxe6 21. Ng5 Bxe2 22. Rd7 Bc4 23. Bxa8 Rxa8 24. Rc1 Bb5 25.
Rxg7+ Kxg7 26. Rxc7+ Kg8 27. Nxh7 Nd5 28. Rb7 Bc6 29.
Nf6+ Nxf6 30. Rb6 Bf3 31. exf6 Rc8 32. g4 Bxg4 33. Kh2 Bf5 34. Kg3 Kf7 35. Be5 Rd8 36.
Rb7+ Kg8 37. f7+ Kf8 38. Bc3 e5 39. Bxa5 Rd7 40. Bb4+ Kxf7 41. Rxd7+ Bxd7 42. Kf3 Ke6 43. Ke3 Bc6 44. f3 Kf5 45. Bd6 e4 46. f4 Kg4 47.
Be7 Kf5 48. Bg5 Ke6 49. Kd4 Kf5 50. Kc5 e3 51. h5 Be8 52. h6 e2 53. Bh4 g5 54.
fxg5 Bg6 55. a4 Kg4 56. Be1 Kxg5 57. a5 Kxh6 58. Kd4 Be8 59. Kd5 Bh5 60. Ke4 Be8 61.
Bd2+ Kg6 62. Kd5 Bf7+ 63. Kd6 Kf6 64. a6 Bh5 65. a7 Bf3 66. Kc5 Ba8 67. Kd4 Bh1 68. Kc5 Ba8 69. Kd6 Bh1 70. Be1 Ba8 71. Kd7 Bh1 72. Kc7 Ba8 73. Kb8 Bh1 74. Kc7 Bg2 75.
Kc8 Bh1 76. Kb8 Bg2 77. Kc7 Bh1 78. Kb6 Bg2 79. Kc5 Bh1 80. Kd4 Bg2 81. Ke3 Ke7 82.
Kxe2 Kd7 83. Kf2 Bh1 84. Kg1 Ba8 85. Bf2 Kc6 86. Kh2 1/2-1/2

[Event "Late-Titled-Tuesday-Blitz-May-28-2024"]
[Site "Chess.com"]
[Date "2024.05.28"]
[Round "11"]
[White "alexrustemov"]
[Black "IMRosen"]
[Result "0-1"]
[WhiteElo "2831"]
[BlackElo "2743"]
[TimeControl "180+1"]
[EndTime "16:07:42 PDT"]
[Termination "IMRosen won on time"]

1. d4 d5 2. c4 e6 3. Nc3 Nf6 4. Nf3 Nbd7 5. Bg5 c6 6. e3 Qa5 7. Nd2 Bb4 8. Qc2 e5 9. Be2 exd4 10. exd4 dxc4 11. Bxf6 Nxf6 12. Nxc4 Qg5 13. O-O O-O 14. Bf3 Bf5 15. Qc1 Qxc1 16. Raxc1 Bd3 17. Be2 Bxc3 18.
Bxd3 Bxd4 19. Na5 Rab8 20. Rfd1 Rfd8 21. Rc2 Rd5 22. Nb3 Rbd8 23. Rcd2 Bxb2 24. Rxb2 Rxd3 25. Rxd3 Rxd3 26. Kf1 b6 27. Ke2 Rd7 28. Rc2 c5 29. Rc4 Kf8 30. Nc1 Nd5 31. Nd3 f6 32. g3 Ne7 33.
Nf4 Kf7 34. Ra4 Nc6 35. Ke3 Nb4 36. a3 Nc6 37. h4 g6 38. g4 Nd4 39. f3 Re7+ 40. Kf2 g5 41. hxg5 fxg5 42. Nd5 Rd7 43. Nc3 h6 44. Ne4 Ne6 45. Ke3 Nf4 46. Ra6 Rd3+ 47.
Kf2 Rd7 48. a4 c4 49. a5 Nd5 50. axb6 axb6 51. Ra8 c3 52. Rc8 b5 53. Nxc3 Nxc3 54. Rxc3 Rb7 55. Rb3 b4 56. Ke3 Kf6 57. f4 gxf4+ 58.
Kxf4 Kg6 59. Kf3 Kg5 60. Kg3 Rb6 61. Kf3 Rf6+ 62. Kg3 Rf4 63. Kh3 Rxg4 64. Rd3 Rc4 65. Rd5+ Kf4 66. Kg2 Ke3 67. Kg3 Rd4 68. Rh5 Kd3 69. Kf3 b3 70. Rb5 Kc3 71. Ke3 Rd8 72. Rc5+ Kb2 73. Rc7 h5 74. Rh7 Kc3 75. Rc7+ Kb2 76.
Rh7 Kc2 77. Rc7+ Kb1 78. Rh7 b2 79. Rxh5 Kc2 80. Rc5+ Kb3 81. Rb5+ Kc3 82. Ke2 Kc2 83. Rc5+ Kb3 84. Rb5+ Kc3 85. Rc5+ Kb4 86. Rc7 Rb8 87. Rd7 b1=Q 88. Rd4+ Kc5 89. Rf4 Rb2+ 90. Kf3 Qf1+ 91. Kg4 Rg2+ 92. Kf5 Qxf4+ 93. Kxf4 Rd2 0-1

[Event "Late-Titled-Tuesday-Blitz-May-28-2024"]
[Site "Chess.com"]
[Date "2024.05.28"]
[Round "11"]
[White "DonMicheleCorleone"]
[Black "ValeriyGrinev"]
[Result "1-0"]
[WhiteElo "2525"]
[BlackElo "2572"]
[TimeControl "180+1"]
[EndTime "16:07:42 PDT"]
[Termination "DonMicheleCorleone won by checkmate"]

1. e4 c6 2. Nc3 d5 3. Nf3 Bg4 4.
h3 Bxf3 5. Qxf3 dxe4 6. Nxe4 Nd7 7. b3 Ngf6 8. Bb2 Nxe4 9. Qxe4 e6 10. O-O-O a5 11. g4 a4 12. f4 axb3 13. axb3 Qa5 14. Bg2 Ba3 15. Qd4 e5 16. fxe5 O-O 17. Rhe1 Nc5 18.
Bxa3 Qxa3+ 19. Qb2 Qb4 20. d4 Ne6 21. c3 Qb6 22. Kc2 Ra5 23. Ra1 Rfa8 24. b4 Ra4 25. Rxa4 Rxa4 26. Ra1 Rxa1 27. Qxa1 Qb5 28. Kd2 g6 29.
Be4 Kg7 30. Qa2 Qf1 31. Bd3 Qxh3 32. d5 cxd5 33. Qxd5 Qxg4 34. Qxb7 Qf4+ 35. Kc2 Qxe5 36. b5 Nc5 37. Qc6 Qh2+ 38. Kd1 Nxd3 39. b6 Qg1+ 40. Kd2 Nf4 41. Qd6 Qf2+ 42. Kc1 Ne2+ 43. Kb1 Nxc3+ 44. Kc1 Ne2+ 45. Kb1 Nc3+ 46. Kc1 Qa2 47. Qd4+ f6 48. Qxc3 Qa6 49. Qc7+ Kh6 50. b7 Qa1+ 51. Kc2 Qa2+ 52. Kc3 Qa3+ 53. Kd4 Qb2+ 54. Kd5 Qd2+ 55. Ke6 Qe3+ 56. Kd7 Qd4+ 57. Kc8 Qg4+ 58. Qd7 Qc4+ 59. Kd8 Qb4 60. Ke8 f5 61. Qc8 Qb5+ 62. Kf8 Qb4+ 63. Kg8 Qb3+ 64. Kf8 Qb4+ 65. Ke8 Qb5+ 66.
Ke7 Qb4+ 67. Ke6 Qb3+ 68. Ke5 Qb2+ 69. Kf4 Qd4+ 70. Kf3 Qe4+ 71. Kf2 Qd4+ 72. Ke2 Qb2+ 73. Kd3 Qb3+ 74. Kd4 Qb6+ 75. Kd5 Qb5+ 76. Kd6 Qb6+ 77. Kd7 Qb5+ 78. Qc6 Qd3+ 79. Kc8 f4 80. b8=Q f3 81.
Qf4+ Kh5 82. Qcxf3+ Qxf3 83. Qxf3+ Kh4 84. Kd7 g5 85. Ke6 g4 86. Qh1+ Kg3 87. Qxh7 Kf2 88. Qf5+ Kg3 89. Ke5 Kh4 90. Kf4 Kh3 91. Qxg4+ Kh2 92.
Kf3 Kh1 93. Qg2# 1-0